 Dungeon Crawl Stone Soup version 0.19.3 (webtiles) character file.

554 ponk the Covert (level 7, -7/45 HPs)
             Began as an Octopode Assassin on Jan 23, 2017.
             Mangled by Duvessa
             ... wielding a +1 short sword of venom
              (14 damage)
             ... on level 4 of the Dungeon.
             The game lasted 00:08:46 (3331 turns).

ponk the Covert (Octopode Assassin)                 Turns: 3331, Time: 00:08:46

Health: -7/45      AC:  1    Str: 10    XL:     7   Next: 30%
Magic:  7/7        EV: 13    Int: 13    God:
Gold:   262        SH:  0    Dex: 16    Spells: 0 memorised, 6 levels left

rFire  . . .     SeeInvis .     a - +2 dagger
rCold  . . .     Gourm    .     (no shield)
rNeg   . . .     Faith    .     (helmet restricted)
rPois  .         Spirit   .     p - amulet of regeneration
rElec  .         Reflect  .     l - +2 ring of slaying
rCorr  .         Harm     .     (no ring)
MR     .....                    (no ring)
Stlth  ++++++....               (no ring)
                                (no ring)
                                (no ring)
                                (no ring)
                                (no ring)

@: lethally poisoned (-7 -> -20)
A: almost no armour, stealthy swim, amphibious, 8 rings, constrict 8, camouflage
1, gelatinous body 1
a: no special abilities


You were on level 4 of the Dungeon.
You were not hungry.

You visited 1 branch of the dungeon, and saw 4 of its levels.

You collected 262 gold pieces.

Inventory:

Hand Weapons
 a - a +2 dagger (weapon)
 b - a +0 blowgun
Missiles
 c - 25 poisoned needles
 d - 2 curare-tipped needles
 y - 6 needles of sleeping
Jewellery
 l - a +2 ring of slaying (left tentacle)
 p - an amulet of regeneration (around mantle)
Wands
 B - a wand of iceblast (7/15)
Scrolls
 e - 8 scrolls of remove curse
 h - 5 scrolls of identify
 n - a scroll of magic mapping {unknown}
 o - a scroll of fog {unknown}
 q - 3 scrolls of enchant weapon {unknown}
 r - a scroll of noise {unknown}
 s - a scroll of recharging {unknown}
 t - a scroll of fear {unknown}
 u - 2 scrolls of immolation {unknown}
 C - a scroll of random uselessness {unknown}
Potions
 i - a potion of brilliance
 j - a potion of haste
 k - a potion of berserk rage
 x - a potion of curing
 z - 2 potions of ambrosia {unknown}
Comestibles
 f - 3 bread rations
 g - a slice of pizza
 m - 4 fruits
 v - 5 beef jerkies
 w - 2 chunks of flesh
 A - 2 meat rations


   Skills:
 - Level 2.0 Fighting
 - Level 2.0 Short Blades
 - Level 2.0 Throwing
 - Level 1.0 Dodging
 + Level 11.7 Stealth


You had 6 spell levels left.
You didn't know any spells.

Dungeon Overview and Level Annotations

Branches:
Dungeon (4/15)
 Temple: D:4-7

Altars:
Ru
Sif Muna
Trog
Yredelemnul

Annotations:
D:4 Duvessa


Innate Abilities, Weirdness & Mutations

You cannot wear most types of armour.
You are very stealthy in the water. (Stealth+)
You are amphibious.
You can wear up to eight rings at the same time.
You can use your tentacles to constrict eight enemies at once.
Your skin changes colour to match your surroundings (Stealth+).
Your rubbery body absorbs attacks. (AC +1, EV +1)


Message History

You are poisoned.
You hit Dowan.
You kill Dowan!
Duvessa weeps, then rights herself and shakes her weapon.
Duvessa goes berserk!
You feel sick.
Duvessa hits you with a short sword of venom!
You hit Duvessa. You grab Duvessa.
Duvessa is lightly wounded.
You constrict Duvessa.
You feel sick.
Duvessa hits you with a short sword of venom.
You are more poisoned.
You puncture Duvessa!
Duvessa is moderately wounded.
You constrict Duvessa, but do no damage.
You feel sick.
Duvessa hits you with a short sword of venom!
* * * LOW HITPOINT WARNING * * *
The worker ant completely misses you.
Duvessa hits you with a short sword of venom!
You die...

#......
............#
#....
............#
#....
............#
#....
............#
#....
............#
#....
...w........#
##....
.......ea..>#
#.....
#########@....#
#.....
#[......'.....+
#.....
#.......#.....#
#.....
#.......#.....#
#.....
#.......#.....#
+.....
#.......#.....#
###.....
#.......#.....#
#.......
#.......#.....#
#.......
#.......'.....+
#.......


You could see Duvessa (berserk), a worm (sleeping) and a worker ant.

Vanquished Creatures
  A sky beast (D:3)
  Dowan (D:4)
  A water moccasin skeleton (D:4)
  The ghost of dscm the Sneak, a weakling OpEE (D:3)
  Natasha (D:4)
  2 orc wizards (D:3)
  A worker ant (D:4)
  12 adders
  3 adder skeletons
  4 worms
  13 dart slugs
  2 leopard geckos
  5 orcs (D:3)
  4 ball pythons
  5 bats
  6 giant cockroaches
  12 goblins
  5 hobgoblins
  4 jackals (D:1)
  4 frilled lizards
  9 kobolds
  6 rats
102 creatures vanquished.

Notes
Turn   | Place    | Note
-------+----------+-------------------------------------------
     0 | D:1      | ponk the Octopode Assassin began the quest for the Orb.
     0 | D:1      | Reached XP level 1. HP: 14/14 MP: 1/1
   137 | D:1      | Reached skill level 6 in Stealth
   137 | D:1      | Reached XP level 2. HP: 11/19 MP: 2/2
   630 | D:1      | Reached XP level 3. HP: 24/24 MP: 3/3
   830 | D:2      | Reached skill level 7 in Stealth
  1064 | D:2      | Reached XP level 4. HP: 11/29 MP: 4/4
  1352 | D:2      | Found a sacrificial altar of Ru.
  1425 | D:2      | Reached skill level 8 in Stealth
  1544 | D:2      | Found a deep blue altar of Sif Muna.
  1783 | D:2      | Found a basalt altar of Yredelemnul.
  1944 | D:3      | Reached XP level 5. HP: 28/34 MP: 5/5
  1987 | D:3      | Reached skill level 9 in Stealth
  2165 | D:3      | Noticed dscm's ghost (weakling OpEE)
  2172 | D:3      | Killed dscm's ghost
  2172 | D:3      | Reached XP level 6. HP: 39/39 MP: 6/6
  2342 | D:3      | Reached skill level 10 in Stealth
  2791 | D:4      | Noticed a sky beast
  2838 | D:3      | Killed a sky beast
  2970 | D:4      | Reached skill level 11 in Stealth
  3202 | D:4      | Found a bloodstained altar of Trog.
  3211 | D:4      | Reached XP level 7. HP: 45/45 MP: 7/7
  3224 | D:4      | Noticed Natasha
  3233 | D:4      | Killed Natasha
  3322 | D:4      | Noticed Dowan
  3324 | D:4      | Noticed Duvessa
  3329 | D:4      | Killed Dowan
  3331 | D:4      | Mangled by Duvessa

Skill      XL: |  1  2  3  4  5  6 |
---------------+-------------------+-----
Stealth        | 6 7 8 9 11 | 11.7
Fighting       | |  2.0
Short Blades   | |  2.0
Throwing       | |  2.0
Dodging        | |  1.0

Action                   |  1- 3 |  4- 6 |  7- 9 || total
-------------------------+-------+-------+-------++-------
Melee: Dagger            |    52 |   135 |    17 ||   204
       Constrict         |    16 |    30 |     4 ||    50
       Tentacles         |    12 |    18 |     4 ||    34
  Use: Scroll            |       |     6 |       ||     6
 Stab: Sleeping          |    10 |    20 |     1 ||    31
       Distracted        |       |     1 |       ||     1
  Eat: Chunk             |       |     7 |     1 ||     8
Armor: Skin              |     1 |     3 |       ||     4
Dodge: Dodged            |    18 |    71 |     9 ||    98
